 Dungeon Crawl Stone Soup version 0.25-a0-474-ga8a2ee3 (webtiles) character file.

Game seed: 10870589300350131956, levelgen mode: deterministic

200 15 the Ruffian (level 5, 0/41 HPs)
             Began as a Draconian Transmuter on Feb 8, 2020.
             Was an Initiate of Qazlal.
             Slain by a wyvern zombie (6 damage)
             ... on level 3 of the Dungeon.
             The game lasted 00:09:52 (2273 turns).

15 the Ruffian (Draconian Transmuter)               Turns: 2273, Time: 00:09:53

Health: 0/41       AC:  6    Str: 16    XL:     5   Next: 48%
Magic:  9/9        EV: 13    Int: 13    God:    Qazlal [......]
Gold:   95         SH:  0    Dex: 12    Spells: 3/9 levels left

rFire    + . .     SeeInvis .     - Unarmed
rCold    . . .     Gourm    .   (no shield)
rNeg     . . .     Faith    .   (armour unavailable)
rPois    .         Spirit   .   (helmet restricted)
rElec    .         Reflect  .   (no cloak)
rCorr    .         Harm     .   d - +0 pair of gloves
MR       .....                  (no boots)
Stlth    +.........             (no amulet)
HPRegen  0.13/turn              e - +3 ring of strength
MPRegen  0.11/turn              g - ring of protection from fire

@: lethally poisoned (0 -> -1), appendage (expiring)
A: unfitting armour, horns 2, cold-blooded, AC +5
a: End Transformation, Renounce Religion


You were on level 3 of the Dungeon.
You worshipped Qazlal.
Qazlal was noncommittal.
You were not hungry.
You had grown temporary horns.
You visited 1 branch of the dungeon, and saw 3 of its levels.

You collected 95 gold pieces.

Inventory:

Missiles
 a - 40 arrows
 w - 4 boomerangs (quivered)
Armour
 d - a +0 pair of gloves (worn)
Jewellery
 e - a +3 ring of strength (left hand)
 g - a ring of protection from fire (right hand)
 k - an uncursed ring of ice
Scrolls
 i - a scroll of amnesia
 j - 2 scrolls of fog {unknown}
 m - a scroll of identify
 p - a scroll of immolation {unknown}
 s - a scroll of remove curse {unknown}
 t - 2 scrolls of blinking {unknown}
 v - a scroll of teleportation {unknown}
Potions
 b - a potion of heal wounds
 f - a potion of cancellation {unknown}
 h - a potion of curing {unknown}
 o - a potion of invisibility {unknown}
 q - a potion of magic
 r - a potion of haste
 u - a potion of flight
Comestibles
 c - 7 rations
 l - 3 chunks of flesh


   Skills:
 * Level 1.8 Fighting
 + Level 2.8 Dodging
 - Level 0.4 Stealth
 + Level 4.2 Unarmed Combat
 * Level 2.8 Spellcasting
 + Level 2.8 Transmutations
 + Level 0.1 Poison Magic
 * Level 1.1 Invocations


You had 3 spell levels left.
You knew the following spells:

 Your Spells              Type           Power        Failure   Level  Hunger
a - Beastly Appendage     Tmut           #.....       7%          1    #......
b - Sticks to Snakes      Tmut           #.......     11%         2    ###....
c - Spider Form           Tmut/Pois      #.........   36%         3    ###....

Your spell library contained the following spells:

 Spells                   Type           Power        Failure   Level  Hunger
 Ice Form                 Ice/Tmut       #.......     78%         4    #####..
 Blade Hands              Tmut           #.........   89%         5    ######.


Dungeon Overview and Level Annotations

Branches:
Dungeon (3/15)

Altars:
Hepliaklqana
Kikubaaqudgha
Nemelex Xobeh
Qazlal


Innate Abilities, Weirdness & Mutations

Your plain brown scales are hard. (AC +5)
You cannot fit into any form of body armour.
You are cold-blooded and may be slowed by cold attacks.
You have a pair of horns on your head.


Message History

The wyvern zombie bites you.
You hit the wyvern zombie but do no damage.
You feel sick. The wyvern zombie closely misses you.
Unknown command.
You feel sick.
You feel sick.
The wyvern zombie bites you but does no damage.
You see here a poisoned dart.
You feel sick.
You see here a poisoned dart.
You feel sick. The wyvern zombie closely misses you.
You feel sick. The wyvern zombie closely misses you.
You see here 22 bolts.
Your transformation is almost over.
You feel sick. The wyvern zombie barely misses you.
You feel sick. The wyvern zombie bites you!
* * * LOW HITPOINT WARNING * * *
You feel sick. The wyvern zombie bites you.
You die...

##.## #.# #.##.#.# #.
#..# ####.# #.##.#.# #.
##.####....# #....#.# #.
####...##.##.#########.#
#.
.((....(........(......#
#.
###.......≈.≈....#######
#. #....[).≈≈≈....# #.
#....#≈#≈##≈...########
#.
#..≈≈#≈≈≈≈≈..Z@.......#
#.
##.≈≈#≈(>≈#....######.#
#.
#.≈≈#≈_.≈≈≈.......<#.#
#.
#..≈≈≈≈≈≈#≈....#...#.#
###.
#..≈≈+≈.#≈≈≈...#####.#
#...
#.......≈≈≈.......)..#
#...
#.≈.......≈.)..#######
#... #.............###
#... ###.##.##..#....#
#...


You could see a wyvern zombie.

Vanquished Creatures
  An ice beast (D:3)
  4 adders
  2 dart slugs
  A leopard gecko (D:2)
  4 orcs
  A giant cockroach (D:2)
  9 goblins
  9 hobgoblins
  7 jackals
  5 kobolds
  2 quokkas (D:2)
  A ball python (D:2)
  6 bats
  3 frilled lizards
  3 rats
58 creatures vanquished.

Vanquished Creatures (collateral kills)
  A giant cockroach (D:3)
1 creature vanquished.

Grand Total: 59 creatures vanquished

Notes
Turn   | Place    | Note
-------+----------+-------------------------------------------
     0 | D:1      | 15 the Draconian Transmuter began the quest for the Orb.
     0 | D:1      | Reached XP level 1. HP: 16/16 MP: 3/3
   208 | D:1      | Reached XP level 2. HP: 1/23 MP: 3/5
   778 | D:1      | Learned a level 2 spell: Sticks to Snakes
   958 | D:2      | Reached XP level 3. HP: 22/28 MP: 6/6
  1083 | D:2      | Found a hazy altar of Hepliaklqana.
  1238 | D:2      | Found an ancient bone altar of Kikubaaqudgha.
  1273 | D:2      | Learned a level 3 spell: Spider Form
  1655 | D:3      | Found a stormy altar of Qazlal.
  1670 | D:3      | Reached XP level 4. HP: 32/35 MP: 7/7
  1703 | D:3      | Became a worshipper of Qazlal Stormbringer
  1747 | D:3      | Found a sparkling altar of Nemelex Xobeh.
  1842 | D:3      | Noticed an ice beast
  1859 | D:3      | Killed an ice beast
  1859 | D:3      | Reached skill level 4 in Unarmed Combat
  1859 | D:3      | Reached skill level 1 in Invocations
  1859 | D:3      | Reached XP level 5. HP: 41/41 MP: 5/9
  2273 | D:3      | Slain by a wyvern zombie

Levels and vault maps discovered:
D:1:      wander_arrival_desolate, layout_loops_cross, minmay_misc_feat_five
D:2:      layout_rooms, nicolae_overflow_hidden_temple,
          lemuel_coloured_pillars_altar, minivault_23
D:3:      layout_basic, nicolae_qazlal_general_emergency,
          overflow_temple_1_default, first_ration, nemelex_diamond_rough_becter

Skill      XL: |  1  2  3  4 |
---------------+-------------+-----
Dodging        | 2 |  2.8
Unarmed Combat | 4 |  4.2
Invocations    | 1 |  1.1
Fighting       | |  1.8
Stealth        | |  0.4
Spellcasting   | |  2.8
Transmutations | |  2.8
Poison Magic   | |  0.1

Action                   |  1- 3 |  4- 6 || total
-------------------------+-------+-------++-------
Melee: Unarmed           |   132 |    73 ||   205
       Tailslap          |    12 |     9 ||    21
       Headbutt          |     8 |     2 ||    10
       Kick              |     2 |    10 ||    12
       Punch             |     2 |       ||     2
 Cast: Beastly Appendage |    18 |     9 ||    27
       Spider Form       |     2 |       ||     2
       Sticks to Snakes  |       |     2 ||     2
  Use: Scroll            |     4 |       ||     4
       Potion            |       |     4 ||     4
 Stab: Sleeping          |     2 |     1 ||     3
  Eat: Chunk             |     3 |     2 ||     5
Armor: Skin              |    46 |    34 ||    80
Dodge: Dodged            |    88 |    82 ||   170

Table legend:
 A = Non-vault XP
 B = Vault XP
 C = Vault XP percentage of total XP
 D = Non-vault monster count
 E = Vault monster count
 F = Vault count percentage of total count
                 A         B        C        D         E       F
            +---------+---------+-------+---------+---------+-------
      Total |     286 |       0 |   0.0 |      59 |       0 |   0.0
            +---------+---------+-------+---------+---------+-------
        D:1 |      28 |       0 |   0.0 |      14 |       0 |   0.0
        D:2 |      50 |       0 |   0.0 |      21 |       0 |   0.0
        D:3 |     208 |       0 |   0.0 |      24 |       0 |   0.0
            +---------+---------+-------+---------+---------+-------
